 Dungeon Crawl Stone Soup version 0.24-a0-22-g2a401c0 (console) character file.

Game seed: 12834514172775357975

10314 Duffy the Blocker (level 11, -7/90 HPs)
             Began as a Naga Fighter on Feb 1, 2019.
             Was a High Priest of Cheibriados.
             Mangled by an orc warrior
             ... wielding a +0 halberd
              (10 damage)
             ... on level 11 of the Dungeon.
             The game lasted 00:10:03 (9911 turns).

Duffy the Blocker (Naga Fighter)                    Turns: 9911, Time: 00:10:04

Health: -7/90      AC: 20    Str: 32    XL:     11   Next: 60%
Magic:  15/15      EV:  9    Int: 20    God:    Cheibriados [*****.]
Gold:   481        SH: 14    Dex: 22    Spells: 10/10 levels left

rFire    . . .     SeeInvis +   m - +1 hand axe (elec)
rCold    . . .     Gourm    .   c - +0 shield
rNeg     . . .     Faith    .   r - +0 plate armour
rPois    +         Spirit   .   g - +0 helmet
rElec    .         Reflect  .   (no cloak)
rCorr    .         Harm     .   (no gloves)
MR       +....                  (no barding)
Stlth    ..........             (no amulet)
HPRegen  0.25/turn              j - +3 ring of protection
MPRegen  0.14/turn              v - +5 ring of protection

@: very slightly contaminated, invisible, very slow
A: large, see invisible, deformed body, poison resistance, slowness 2, slow
metabolism 1, spit poison 1, AC +3
a: Spit Poison, Bend Time, Temporal Distortion, Slouch, Step From Time, Renounce
Religion


You were on level 11 of the Dungeon.
You worshipped Cheibriados.
Cheibriados was extremely pleased with you.
You were not hungry.

You visited 2 branches of the dungeon, and saw 12 of its levels.

You collected 613 gold pieces.
You spent 132 gold pieces at shops.

Inventory:

Hand Weapons
 a - a +0 war axe
 m - a +1 hand axe of electrocution (weapon)
 t - a +3 flail of protection
Armour
 c - a +0 shield (worn)
 g - a +0 helmet (worn)
 r - a +0 plate armour (worn)
Jewellery
 j - a +3 ring of protection (left hand)
 v - a +5 ring of protection (right hand)
 w - an uncursed ring of flight
 J - an uncursed ring of protection from cold
Wands
 x - a wand of polymorph (7)
 y - a wand of paralysis (24)
 D - a wand of flame (18)
 G - a wand of clouds (3)
Scrolls
 b - 2 scrolls of blinking
 k - 3 scrolls of amnesia
 l - 5 scrolls of magic mapping
 o - 6 scrolls of teleportation
 p - a scroll of remove curse
 q - 2 scrolls of enchant armour
 s - a scroll of enchant weapon
 H - a scroll of summoning
 L - 2 scrolls of fear
 N - a scroll of immolation
 R - a scroll of random uselessness {unknown}
 S - a scroll of silence
Potions
 d - a potion of might
 e - 2 potions of resistance
 h - 2 potions of brilliance
 i - 3 potions of mutation
 n - 2 potions of curing
 z - 4 potions of degeneration
 A - a potion of magic
 C - 2 potions of cancellation
 E - 3 potions of lignification
 F - 2 potions of flight
 K - a potion of berserk rage
 M - a potion of ambrosia
Comestibles
 f - 24 rations


   Skills:
 - Level 3.0 Fighting
 - Level 8.0 Axes
 + Level 5.6 Armour
 + Level 4.9 Dodging
 - Level 9.6 Shields
 + Level 6.5 Invocations
 + Level 5.7 Evocations


You had 10 spell levels left.
You didn't know any spells.
Your spell library contained the following spells:

 Spells                   Type           Power        Failure   Level  Hunger
 Animate Skeleton         Necr           N/A          83%         1    ##.....
 Corona                   Hex            #......      83%         1    ##.....
 Pain                     Necr           #...         83%         1    ##.....
 Corpse Rot               Necr           N/A          93%         2    ###....
 Slow                     Hex            #.......     93%         2    ###....
 Inner Flame              Hex/Fire       #.......     99%         3    ####...
 Portal Projectile        Hex/Tloc       #.....       99%         3    ####...
 Regeneration             Chrm/Necr      #.........   99%         3    ####...
 Stone Arrow              Conj/Erth      #.....       99%         3    ####...
 Vampiric Draining        Necr           #.........   99%         3    ####...
 Animate Dead             Necr           N/A          100%        4    #####..
 Cause Fear               Hex            #.........   100%        4    #####..
 Leda's Liquefaction      Hex/Erth       #.........   100%        4    #####..
 Summon Forest            Summ/Tloc      #.........   100%        5    ######.
 Hydra Form               Tmut           #.........   100%        6    #######
 Summon Hydra             Summ           #.........   100%        7    #######


Dungeon Overview and Level Annotations

Branches:
Dungeon (11/15)            Temple (1/1) D:4            Lair (0/6) D:11
    Orc (0/2) D:11

Altars:
Ashenzari
Cheibriados
Dithmenos
Elyvilon
Fedhas
Gozag
Hepliaklqana
Kikubaaqudgha
Makhleb
Nemelex Xobeh
Okawaru
Qazlal
Ru
Sif Muna
Trog
Uskayaw
Vehumet
Wu Jian
Xom
Yredelemnul
Zin
The Shining One
Beogh

Shops:
D:7 !


Innate Abilities, Weirdness & Mutations

You cannot wear boots.
Your serpentine skin is tough. (AC +3)
You have supernaturally acute eyesight. (SInv)
Armour fits poorly on your strangely shaped body.
Your system is resistant to poisons. (rPois)
You cover ground very slowly.
You have a slow metabolism.
You can spit poison.


Message History

You fade into invisibility!
The orc warrior hits you but does no damage.
You block the orc warrior's attack.
You are very lightly contaminated with residual magic.
You hit the orc warrior.
The orc warrior is lightly wounded.
You strike the helpless orc warrior from behind!
You hit the orc warrior but do no damage.
You block the orc warrior's attack.
You strike the helpless orc warrior from behind!
You hit the orc warrior.
The orc warrior is moderately wounded.
You catch the helpless orc warrior completely off-guard!
You hit the orc warrior.
You kill the orc warrior!
Cheibriados appreciates the change of pace.
You can now step out of the flow of time.
Cheibriados raises the support of your attributes as your movement slows.
The orc warrior hits you from afar with a +0 halberd!
You die...

.# #...##....##.# #
..# #.
#...##....##.# ...#
#...##...##....##..
....#
#..............###.
....#
##+####.##.....# ..
..#.# #
#.....#.....# #. .#
#####.#.#########.#
#
........)8#.....#.#
#.$..$....#@....###
.......>..')._..#
..........#).o..#
..#+#....8#.....# .
#....########
#.#### #. #.


You could see an orc warrior.

Vanquished Creatures
  Harold (D:7)
  A two-headed ogre (D:8)
  An unseen horror (D:9)
  Psyche (D:11)
  Joseph (D:8)
  2 trolls (D:10)
  A hippogriff (D:11)
  A spriggan (D:9)
  A wyvern (D:8)
  Eustachio (Temple)
  Edmund (D:4)
  3 wargs (D:11)
  A water moccasin (D:9)
  3 ice beasts
  4 phantoms
  6 orc warriors
  2 sky beasts
  An eye of draining (D:11)
  5 centaurs
  4 ogres
  A big kobold (D:8)
  8 bullfrogs
  A gnoll sergeant (D:9)
  A wyvern skeleton (D:8)
  A scorpion (D:10)
  11 killer bees
  8 wights
  A howler monkey (D:5)
  4 crimson imps
  A bullfrog zombie (D:9)
  3 centaur zombies
  4 hounds
  5 orc priests
  2 jellies
  3 bullfrog skeletons
  3 centaur skeletons
  11 orc wizards
  An iguana (D:7)
  Terence (D:3)
  5 worker ants
  A killer bee zombie (D:10)
  A hound skeleton (D:10)
  A worker ant zombie (D:7)
  16 gnolls
  8 adders
  4 shadow imps
  An ooze (D:2)
  An adder skeleton (D:4)
  3 worms
  3 dart slugs
  2 leopard geckos
  32 orcs
  2 ball pythons
  7 giant cockroaches
  8 hobgoblins
  7 jackals
  6 quokkas
  6 bats
  9 frilled lizards
  7 goblins
  15 kobolds
  A quokka zombie (D:5)
  9 rats
  2 plants (D:4)
268 creatures vanquished.

Vanquished Creatures (others)
  A dart slug (D:1)
  A kobold (D:1)
2 creatures vanquished.

Grand Total: 270 creatures vanquished

Notes
Turn   | Place    | Note
-------+----------+-------------------------------------------
     0 | D:1      | Duffy the Naga Fighter began the quest for the Orb.
     0 | D:1      | Reached XP level 1. HP: 21/21 MP: 1/1
   269 | D:1      | Reached XP level 2. HP: 22/28 MP: 2/2
   729 | D:1      | Reached XP level 3. HP: 31/34 MP: 3/3
   735 | D:1      | Reached skill level 3 in Shields
  1200 | D:2      | Reached XP level 4. HP: 42/42 MP: 4/4
  1681 | D:3      | Noticed Terence
  1692 | D:3      | Killed Terence
  1692 | D:3      | Reached XP level 5. HP: 46/49 MP: 5/5
  1925 | D:3      | Reached skill level 4 in Shields
  1931 | D:3      | Found a glowing silver altar of Zin.
  2192 | D:4      | Found a white marble altar of Elyvilon.
  2192 | D:4      | Found an ancient bone altar of Kikubaaqudgha.
  2197 | D:4      | Found a faded altar of an unknown god.
  2199 | D:4      | Found a sacrificial altar of Ru.
  2200 | D:4      | Found a glowing golden altar of the Shining One.
  2212 | D:4      | Reached XP level 6. HP: 47/56 MP: 6/6
  2447 | D:4      | Found a staircase to the Ecumenical Temple.
  2448 | D:4      | Noticed Eustachio
  2485 | Temple   | Entered the Ecumenical Temple
  2643 | Temple   | Became a worshipper of Cheibriados the Contemplative
  2699 | Temple   | Killed Eustachio
  2699 | Temple   | Reached skill level 5 in Axes
  2789 | D:4      | Noticed Edmund
  2798 | D:4      | Killed Edmund
  2798 | D:4      | Reached skill level 5 in Shields
  2798 | D:4      | Reached XP level 7. HP: 54/62 MP: 7/7
  3710 | D:5      | Entered Level 5 of the Dungeon
  4066 | D:5      | Reached XP level 8. HP: 67/69 MP: 8/8
  4097 | D:5      | Reached skill level 6 in Shields
  4109 | D:5      | Reached * piety under Cheibriados
  4922 | D:6      | Reached skill level 7 in Shields
  4922 | D:6      | Reached XP level 9. HP: 43/75 MP: 9/9
  5225 | D:6      | Reached ** piety under Cheibriados
  5475 | D:7      | Reached skill level 8 in Shields
  5709 | D:7      | Found Zikutit's Distillery.
  5715 | D:7      | Bought a potion of lignification for 36 gold pieces
  5715 | D:7      | Bought a potion of cancellation for 96 gold pieces
  5862 | D:7      | Noticed Harold
  5880 | D:7      | Killed Harold
  5880 | D:7      | Reached skill level 9 in Shields
  6123 | D:8      | Reached *** piety under Cheibriados
  6123 | D:8      | Reached skill level 1 in Invocations
  6192 | D:8      | Noticed Joseph
  6204 | D:8      | Killed Joseph
  6204 | D:8      | Reached skill level 1 in Dodging
  6204 | D:8      | Reached skill level 1 in Evocations
  6204 | D:8      | Reached XP level 10. HP: 70/84 MP: 9/11
  6321 | D:8      | Got a translucent bone amulet
  6322 | D:8      | Identified the amulet "Kumoixa" {Faith rPois rC- Int+4
                  | Dex+4} (You found it on level 8 of the Dungeon)
  6611 | D:8      | Reached **** piety under Cheibriados
  6747 | D:8      | Found a stormy altar of Qazlal.
  6932 | D:8      | Noticed a two-headed ogre
  6943 | D:8      | Killed a two-headed ogre
  7549 | D:9      | Noticed an unseen horror
  7561 | D:9      | Killed an unseen horror
  7561 | D:9      | Reached ***** piety under Cheibriados
  7563 | D:9      | Got a scorched ring mail
  7574 | D:9      | Identified the +3 ring mail of the Shining Light {*Corrode
                  | +Inv rPois Str+6} (You found it on level 9 of the Dungeon)
  7687 | D:9      | Reached XP level 11. HP: 90/90 MP: 14/14
  7692 | D:9      | Reached skill level 5 in Invocations
  8070 | D:10     | Entered Level 10 of the Dungeon
  8489 | D:10     | Reached skill level 5 in Armour
  8611 | D:10     | Reached skill level 5 in Evocations
  9495 | D:11     | Noticed Psyche
  9509 | D:11     | Killed Psyche
  9571 | D:11     | Found a staircase to the Lair.
  9871 | D:11     | Found a staircase to the Orcish Mines.
  9884 | D:11     | Found a roughly hewn altar of Beogh.
  9907 | D:11     | HP: 1/90 [orc warrior/+0 halberd (13)]
  9911 | D:11     | Mangled by an orc warrior

Vault maps used:
D:1:      eino_arrival_water_cross, hangedman_decor_points, st_stairs_2,
          glass_columns_b, lemuel_old_faithful
D:3:      lemuel_coloured_pillars_altar, first_ration, uniq_terence
D:4:      chequers_temple_overflow_minitemple, minmay_temple_entry_overgrown,
          uniq_edmund, uniq_eustachio
D:6:      nicolae_lava_and_water
D:7:      serial_shops, shop, uniq_harold
D:8:      grunt_qazlal_clouds, uniq_joseph
D:9:      the_bakery
D:10:     nooodl_food_tri
D:11:     erik_lair_orcish_takeover, minmay_orc_entry_temple_small, uniq_psyche
Temple:   compressed_dpeg_circular_temple

Skill      XL: |  1  2  3  4  5  6  7  8  9 10 11 |
---------------+----------------------------------+-----
Shields        | 3 4 5 7 9 |  9.6
Axes           | 3 4 5 6 8 |  8.0
Invocations    | 2 4 6 |  6.5
Armour         | 3 4 5 |  5.6
Dodging        | 1 3 4 |  4.9
Evocations     | 1 4 5 |  5.7
Fighting       | |  3.0

Action                   |  1- 3 |  4- 6 |  7- 9 | 10-12 || total
-------------------------+-------+-------+-------+-------++-------
Melee: War axe           |    66 |       |       |       ||    66
       Hand axe          |    26 |   179 |   299 |   426 ||   930
 Abil: Spit Poison       |     1 |       |     1 |       ||     2
  Use: Scroll            |       |       |    13 |     8 ||    21
       Potion            |       |       |     1 |     1 ||     2
 Stab: Invisible         |       |       |       |     3 ||     3
  Eat: Chunk             |       |     5 |     5 |     7 ||    17
       Ration            |       |       |     1 |       ||     1
Armor: Scale mail        |    48 |     4 |       |       ||    52
       Plate armour      |       |   117 |   121 |   121 ||   359
       Ring mail         |       |       |       |    32 ||    32
Dodge: Dodged            |    28 |    10 |    41 |   130 ||   209
Block: Shield            |    50 |    86 |   179 |   346 ||   661

Table legend:
 A = Non-vault XP
 B = Vault XP
 C = Vault XP percentage of total XP
 D = Non-vault monster count
 E = Vault monster count
 F = Vault count percentage of total count
                 A         B        C        D         E       F
            +---------+---------+-------+---------+---------+-------
      Total |   10823 |    3912 |  26.5 |     237 |      29 |  10.9
            +---------+---------+-------+---------+---------+-------
        D:1 |      43 |       3 |   6.5 |      25 |       2 |   7.4
        D:2 |      42 |       0 |   0.0 |      16 |       0 |   0.0
        D:3 |     142 |      36 |  20.2 |      32 |       1 |   3.0
        D:4 |     463 |     171 |  27.0 |      15 |       1 |   6.2
        D:5 |     683 |       0 |   0.0 |      18 |       0 |   0.0
        D:6 |     900 |       0 |   0.0 |      20 |       0 |   0.0
        D:7 |     677 |    1023 |  60.2 |      21 |       1 |   4.5
        D:8 |    2473 |     430 |  14.8 |      32 |       1 |   3.0
        D:9 |    2132 |     211 |   9.0 |      24 |       1 |   4.0
       D:10 |    1757 |     470 |  21.1 |      18 |       3 |  14.3
       D:11 |    1511 |    1387 |  47.9 |      16 |      18 |  52.9
     Temple |       0 |     181 | 100.0 |       0 |       1 | 100.0
            +---------+---------+-------+---------+---------+-------
